 Dungeon Crawl Stone Soup version 0.23-a0-394-g6ce9549 (webtiles) character file.

120 BingusPrime the Ruffian (level 4, -6/35 HPs)
             Began as a Draconian Transmuter on Oct 31, 2018.
             Mangled by a gnoll
             ... wielding a +0 flail
              (11 damage)
             ... on level 2 of the Dungeon.
             The game lasted 00:06:20 (2547 turns).

BingusPrime the Ruffian (Draconian Transmuter)      Turns: 2547, Time: 00:06:20

Health: -6/35      AC:  5    Str: 13    XL:     4   Next: 75%
Magic:  5/7        EV: 12    Int: 13    God:
Gold:   100        SH:  0    Dex: 12    Spells: 6/7 levels left

rFire    . . .     SeeInvis .     - Unarmed
rCold    . . .     Gourm    .   (no shield)
rNeg     . . .     Faith    .   (armour unavailable)
rPois    .         Spirit   .   (helmet restricted)
rElec    .         Reflect  .   (no cloak)
rCorr    .         Harm     .   (no gloves)
MR       .....                  (no boots)
Stlth    +.........             (no amulet)
HPRegen  0.11/turn              (no ring)
MPRegen  0.10/turn              (no ring)

@: very slightly contaminated, drained
A: unfitting armour, cold-blooded, AC +5
a: no special abilities


You were on level 2 of the Dungeon.
You were near starving.

You visited 1 branch of the dungeon, and saw 2 of its levels.

You collected 100 gold pieces.

Inventory:

Hand Weapons
 g - a +0 dagger
 l - a +4 war axe
Missiles
 a - 28 arrows
Jewellery
 k - an uncursed ring of positive energy {unknown}
Scrolls
 e - a scroll of fear {unknown}
 f - a scroll of blinking {unknown}
 h - a scroll of remove curse
 i - a scroll of immolation {unknown}
 j - a scroll of enchant weapon {unknown}
 m - a scroll of enchant armour {unknown}
 n - a scroll of identify {unknown}
 p - a scroll of fog {unknown}
Potions
 b - a potion of invisibility {unknown}
 d - a potion of heal wounds {unknown}
 o - a potion of berserk rage {unknown}
Comestibles
 c - 8 rations


   Skills:
 + Level 1.4(0.5) Fighting
 + Level 2.2(1.3) Dodging
 + Level 0.1(0.0) Stealth
 * Level 4.6(3.6) Unarmed Combat
 + Level 2.3(1.3) Spellcasting
 + Level 2.6(1.6) Transmutations


You had 6 spell levels left.
You knew the following spells:

 Your Spells              Type           Power        Failure   Level  Hunger
a - Beastly Appendage     Tmut           #.....       14%         1    ##.....

Your spell library contained the following spells:

 Spells                   Type           Power        Failure   Level  Hunger
 Sticks to Snakes         Tmut           #.......     21%         2    ###....
 Spider Form              Tmut/Pois      #.........   52%         3    ####...
 Ice Form                 Ice/Tmut       #.......     89%         4    #####..
 Blade Hands              Tmut           #.........   98%         5    ######.


Dungeon Overview and Level Annotations

Branches:
Dungeon (2/15)

Altars:

Annotations:
D:2 1 runed door


Innate Abilities, Weirdness & Mutations

Your plain brown scales are hard. (AC +5)
You cannot fit into any form of body armour.
You are cold-blooded and may be slowed by cold attacks.


Message History

You kill the gnoll!
You closely miss the gnoll. You claw the gnoll.
You kill the gnoll!
Casting: Beastly Appendage (safe; 14% risk of failure)
Confirm with . or Enter, or press ? or * to list all spells.
You miscast Beastly Appendage.
Your skin tingles.
You hit the gnoll.
The gnoll is heavily wounded.
Your talons disappear.
You barely miss the gnoll.
The gnoll is heavily wounded.
The gnoll hits you with a +0 spear!
* * * LOW HITPOINT WARNING * * *
The gnoll misses you.
You closely miss the gnoll.
The gnoll is heavily wounded.
The gnoll hits you with a +0 spear.
* * * LOW HITPOINT WARNING * * *
The gnoll hits you with a +0 flail!
You die...

####### #.....#
###############.....#
#...........<.......# #
#......########.....# #
#......#............# #
#......@g......#.#### #
#.....##g#######.#######
#....gg........#....#...
#####g##.#####.####.#.##
#....g.#.# #.# #.#.#.
#......#.# #.# #.#.#.
#......#.# #.# #.#.#.
#......#.# #.# #.#+#.
.......##.# #.# #.....


You could see 2 gnolls.

Vanquished Creatures
  3 gnolls
  3 adders (D:2)
  A dart slug (D:2)
  3 leopard geckos
  3 giant cockroaches
  5 goblins
  4 hobgoblins
  9 jackals (D:2)
  8 kobolds
  A quokka (D:2)
  A ball python (D:1)
  5 bats
  5 frilled lizards
  6 rats
57 creatures vanquished.

Notes
Turn   | Place    | Note
-------+----------+-------------------------------------------
     0 | D:1      | BingusPrime the Draconian Transmuter began the quest for
                  | the Orb.
     0 | D:1      | Reached XP level 1. HP: 16/16 MP: 3/3
   301 | D:1      | Reached XP level 2. HP: 23/23 MP: 3/5
   611 | D:1      | Reached XP level 3. HP: 27/28 MP: 4/6
  1279 | D:2      | Reached skill level 4 in Unarmed Combat
  1459 | D:2      | Reached XP level 4. HP: 34/35 MP: 5/7
  2151 | D:2      | Found a runed door.
  2547 | D:2      | Mangled by a gnoll

Vault maps used:
D:1:      dpeg_arrival_triangle_fractal, kennysheep_crisscross,
          minmay_misc_feat_encased
D:2:      uniq_crazy_yiuf_cottage

Skill      XL: |  1  2  3 |
---------------+----------+-----
Dodging        | 2 |  2.2
Unarmed Combat | 4 |  4.6
Fighting       | |  1.4
Stealth        | |  0.1
Spellcasting   | |  2.3
Transmutations | |  2.6

Action                   |  1- 3 |  4- 6 || total
-------------------------+-------+-------++-------
Melee: Unarmed           |   145 |   114 ||   259
       Headbutt          |     4 |     1 ||     5
       Tailslap          |     9 |    11 ||    20
       Kick              |    10 |     6 ||    16
       Punch             |       |     1 ||     1
 Cast: Beastly Appendage |    18 |    10 ||    28
  Use: Scroll            |       |     1 ||     1
  Eat: Chunk             |     2 |     3 ||     5
Armor: Skin              |    55 |    49 ||   104
Dodge: Dodged            |    90 |    84 ||   174

Table legend:
 A = Non-vault XP
 B = Vault XP
 C = Vault XP percentage of total XP
 D = Non-vault monster count
 E = Vault monster count
 F = Vault count percentage of total count
                 A         B        C        D         E       F
            +---------+---------+-------+---------+---------+-------
      Total |     172 |       0 |   0.0 |      57 |       0 |   0.0
            +---------+---------+-------+---------+---------+-------
        D:1 |      54 |       0 |   0.0 |      25 |       0 |   0.0
        D:2 |     118 |       0 |   0.0 |      32 |       0 |   0.0
            +---------+---------+-------+---------+---------+-------
